Map: [ESL] Solaris

Players

Future

  • Race: Terran Terran
  • Spawn Location: 7:00

Scarlett - Winner!

  • Race: Zerg Zerg
  • Spawn Location: 1:00

Event: ESL SC2 Masters 2023 Winter (Regional)

VOD

Have the link to the VOD?

Description

Time

  • Played on: Oct. 29, 2023, 1:14 p.m.
  • Length: 13:39

All games in this series

Show
View Real Time Build Order
Export as new Build Order

Future Terran 

Build Orders: 2 Factory, Command Center First, Mech 

Get SALT Encoding   

  12  0:00  SCV  
  13  0:12  SCV  
  14  0:18  Supply Depot  
  14  0:24  SCV  
  15  0:40  SCV  
  16  0:52  SCV  
  17  0:59  Command Center  
  18  1:04  SCV  
  18  1:16  Barracks, SCV  
  19  1:21  Refinery  
  19  1:28  SCV  
  19  1:29  Refinery  
  20  1:40  SCV  
  21  1:53  SCV  
  22  2:04  Marine  
  22  2:07  Orbital Command  
  23  2:11  Orbital Command  
  23  2:16  Factory  
  23  2:23  Barracks Reactor  
  23  2:33  SCV  
  23  2:37  SCV  
  23  2:40  Factory  
  24  2:46  SCV  
  24  2:49  SCV  
  26  2:58  SCV  
  27  2:59  Factory  
  27  3:01  SCV  
  27  3:04  Supply Depot  
  28  3:09  Hellion x2  
  28  3:10  SCV  
  33  3:13  SCV  
  33  3:15  Marine  
  35  3:20  Refinery  
  35  3:22  SCV  
  35  3:25  SCV  
  37  3:27  Factory Tech Lab  
  37  3:32  Supply Depot  
  37  3:34  SCV  
  37  3:37  SCV  
  37  3:40  Hellion x2  
  43  3:43  Factory Tech Lab  
  43  3:47  SCV  
  44  3:49  SCV  
  44  3:51  Hurricane Engines  
  44  3:54  Supply Depot  
  45  3:59  SCV  
  45  4:02  SCV  
  47  4:08  Cyclone x2  
  51  4:10  Cyclone  
  51  4:13  SCV  
  51  4:16  SCV  
  55  4:17  Cyclone  
  55  4:21  Supply Depot  
  57  4:26  SCV  
  57  4:28  Supply Depot, SCV  
  59  4:33  Infernal Pre-Igniter  
  59  4:38  SCV  
  59  4:40  SCV  
  59  4:43  Cyclone x2  
  59  4:44  Cyclone  
  67  4:49  Cyclone  
  67  4:50  SCV  
  67  4:52  SCV  
  71  4:55  Supply Depot  
  71  4:56  Barracks Tech Lab  
  71  5:05  SCV  
  71  5:06  SCV  
  73  5:07  Supply Depot  
  73  5:09  Refinery  
  73  5:21  Cyclone x2  
  77  5:22  Cyclone x2  
  81  5:35  Supply Depot  
  81  5:36  Supply Depot  
  81  5:40  Command Center  
  82  5:42  SCV  
  82  5:43  SCV  
  82  5:47  Factory  
  82  5:48  Factory  
  83  5:55  SCV x2  
  85  5:59  Siege Tank x2  
  91  6:05  Hellion x2  
  91  6:07  SCV x2  
  95  6:15  Supply Depot  
  95  6:17  Armory  
  95  6:19  Armory  
  95  6:20  SCV x2  
  95  6:25  Supply Depot  
  97  6:31  Hellion x2  
  101  6:33  SCV  
  101  6:34  Factory Tech Lab  
  101  6:38  SCV  
  103  6:46  SCV  
  102  6:48  Siege Tank x2  
  102  6:49  Factory Reactor  
  102  6:50  SCV  
  109  6:55  Orbital Command  
  103  7:03  SCV x2  
  103  7:06  Siege Tank  
  108  7:12  Refinery x2  
  108  7:14  Terran Vehicle Weapons Level 1, Supply Depot  
  108  7:15  SCV x2  
  110  7:16  Terran Vehicle And Ship Armor Level 1  
  110  7:22  SCV  
  111  7:24  Siege Tank  
  111  7:27  SCV  
  113  7:33  Siege Tank  
  111  7:40  Hellion  
  111  7:41  Hellion  
  108  7:46  Siege Tank  
  108  7:48  SCV x2  
  113  7:52  SCV  
  113  7:53  Supply Depot  
  113  7:54  Command Center  
  113  7:57  Hellion  
  113  7:58  Hellion  
  118  8:00  Engineering Bay  
  118  8:03  SCV x2  
  118  8:05  SCV  
  121  8:11  Siege Tank  
  121  8:12  Siege Tank  
  127  8:15  SCV  
  127  8:17  SCV x2  
  127  8:18  Siege Tank  
  133  8:25  Hellion x2, Supply Depot x2  
  137  8:27  SCV  
  137  8:29  SCV x2  
  137  8:30  Missile Turret  
  140  8:42  Refinery  
  140  8:45  Sensor Tower  
  140  8:46  Missile Turret  
  140  8:48  Siege Tank x2  
  144  8:50  Siege Tank  
  144  8:51  SCV x3  
  142  9:04  Ghost Academy  
  142  9:06  Hellion  
  142  9:11  SCV x3  
  142  9:14  Refinery  
  145  9:20  Engineering Bay  
  135  9:32  Hellion x2  
  135  9:33  Hellion x2, Ghost  
  135  9:38  SCV x2  
  147  9:42  Siege Tank x3  
  151  9:58  Hellion x4  
  159  10:01  Ghost  
  159  10:02  Supply Depot  
  159  10:03  SCV  
  159  10:04  Supply Depot  
  162  10:14  SCV x2  
  162  10:18  Orbital Command  
  162  10:20  Siege Tank x3  
  165  10:23  Hellion x2  
  165  10:24  Hellion x2  
  165  10:30  Command Center, Ghost  
  165  10:32  Sensor Tower  
  167  10:41  Terran Vehicle Weapons Level 2  
  167  10:42  Personal Cloaking, Terran Vehicle And Ship Armor Level 2  
  155  10:50  Hellion x2  
  155  10:51  Hellion x2  
  155  10:52  Siege Tank  
  164  10:58  Thor  
  164  10:59  Thor  
  164  11:01  SCV x2  
  172  11:04  SCV x2  
  171  11:15  Hellion x4  
  179  11:20  Ghost  
  179  11:24  Thor, Supply Depot  
  183  11:33  Sensor Tower  
  182  11:43  SCV  
  182  11:44  Orbital Command, SCV  
  173  11:47  Hellion x3  
  173  11:48  Hellion  
  133  11:54  SCV  
  133  11:55  SCV  
  121  12:05  Thor x2  
  121  12:06  Ghost  
  134  12:09  SCV x2  
  134  12:10  SCV x2  
  134  12:14  Sensor Tower  
  138  12:16  Thor, Hellion x4  
  138  12:21  SCV x2  
  138  12:22  SCV x2  
  138  12:35  Ghost  
  138  12:48  Siege Tank x2  
  138  12:49  Command Center, Hellion x2  
  142  12:53  Hellion  
  144  12:59  Siege Tank, Hellion  
Show
View Real Time Build Order
Export as new Build Order

Scarlett Zerg - Winner!

Build Orders: Hatch First, Swarm Host 

Get SALT Encoding   

  12  0:00  Drone  
  13  0:12  Overlord  
  13  0:16  Drone  
  14  0:31  Drone x2  
  16  0:47  Hatchery  
  15  0:50  Drone  
  15  0:54  Drone  
  17  0:57  Drone  
  18  1:08  Extractor  
  17  1:12  Spawning Pool  
  17  1:16  Drone  
  17  1:19  Drone  
  18  1:29  Drone  
  19  1:39  Drone  
  20  1:50  Drone  
  21  2:00  Queen x2  
  21  2:01  Zergling x2, Overlord  
  26  2:11  Drone  
  26  2:12  Drone  
  28  2:24  Drone x2  
  30  2:30  Hatchery  
  30  2:32  Drone x2  
  31  2:38  Queen  
  33  2:47  Overlord  
  33  2:53  Drone x2  
  33  2:54  Drone  
  36  3:07  Drone x4  
  36  3:08  Drone  
  41  3:13  Queen  
  41  3:14  Drone  
  41  3:19  Overlord  
  44  3:23  Roach Warren, Queen  
  44  3:24  Extractor  
  45  3:32  Overlord  
  45  3:40  Drone x5  
  50  3:50  Drone x4  
  50  3:51  Queen  
  50  3:52  Overlord  
  56  4:01  Lair  
  56  4:03  Roach x3  
  56  4:06  Drone x2  
  64  4:10  Extractor  
  64  4:14  Drone x5  
  68  4:22  Overlord  
  68  4:23  Drone x3  
  71  4:26  Queen  
  71  4:28  Drone  
  74  4:31  Overlord  
  74  4:35  Overlord  
  74  4:38  Spore Crawler  
  73  4:42  Queen  
  75  4:45  Drone x6  
  75  4:49  Spore Crawler  
  75  4:52  Spore Crawler  
  79  4:55  Roach x2  
  79  4:56  Roach  
  86  5:00  Drone x4  
  86  5:01  Overseer  
  86  5:03  Extractor, Glial Reconstitution  
  88  5:07  Extractor  
  88  5:08  Queen  
  88  5:12  Drone x4  
  92  5:21  Evolution Chamber  
  92  5:22  Extractor  
  92  5:23  Drone x7, Extractor  
  92  5:26  Overlord  
  96  5:29  Overlord  
  96  5:32  Overlord x2  
  96  5:37  Spine Crawler  
  96  5:41  Overlord  
  95  5:43  Overlord x2  
  95  5:45  Ravager x3  
  95  5:46  Overlord  
  95  5:49  Roach x2  
  102  5:50  Ravager  
  103  5:58  Drone x4  
  103  5:59  Drone  
  103  6:01  Zerg Missile Weapons Level 1, Roach  
  110  6:05  Roach x3  
  122  6:11  Roach x3  
  122  6:27  Infestation Pit, Roach x4  
  122  6:29  Hatchery  
  122  6:31  Ravager  
  129  6:37  Drone x8  
  137  6:45  Roach x5  
  137  6:46  Ravager  
  146  6:54  Ravager  
  146  6:55  Ravager  
  146  6:59  Overlord x7  
  146  7:06  Overlord x3  
  146  7:23  Roach x7, Hatchery  
  146  7:29  Ravager x6  
  163  7:36  Drone  
  163  7:37  Drone x7  
  167  7:40  Roach x3  
  157  7:49  Drone x6  
  163  7:55  Ravager  
  164  7:59  Extractor, Zerg Missile Weapons Level 2  
  164  8:00  Extractor, Roach  
  164  8:01  Roach x5  
  174  8:15  Hatchery  
  174  8:17  Unknown, Swarm Host x5  
  187  8:29  Hive  
  187  8:31  Swarm Host, Evolution Chamber  
  187  8:33  Swarm Host  
  192  8:37  Spine Crawler  
  192  8:38  Swarm Host, Spine Crawler  
  192  8:39  Spine Crawler  
  192  8:42  Swarm Host x2  
  196  8:52  Swarm Host  
  193  9:03  Drone x3  
  193  9:04  Nydus Network  
  195  9:12  Zerg Melee Weapons Level 1  
  195  9:16  Ravager  
  196  9:18  Ravager  
  196  9:21  Ravager  
  196  9:22  Ravager x2  
  200  9:29  Spine Crawler  
  186  9:36  Ravager x2  
  186  9:38  Metabolic Boost  
  188  9:41  Swarm Host x4  
  200  9:47  Nydus Canal  
  200  10:03  Spire  
  200  10:06  Nydus Canal  
  194  10:28  Zerg Missile Weapons Level 3  
  189  10:30  Baneling Nest  
  188  10:40  Roach  
  188  10:41  Roach x13  
  200  10:45  Ravager  
  193  10:56  Adrenal Glands  
  189  11:00  Zergling x26  
  195  11:07  Ravager x5  
  195  11:11  Nydus Canal  
  200  11:19  Zerg Melee Weapons Level 2  
  200  11:20  Greater Spire, Centrifugal Hooks  
  200  11:27  Nydus Canal  
  200  11:30  Baneling x14  
  200  11:32  Drone x2  
  199  11:37  Overseer  
  199  11:38  Pneumatized Carapace  
  187  11:48  Zergling x6, Roach x6  
  193  12:00  Corruptor x6  
  196  12:11  Ravager x4  
  196  12:15  Extractor x2  
  198  12:29  Hatchery  
  191  12:46  Brood Lord x6  
  200  12:53  Nydus Canal  
  189  13:09  Ravager x2  
  189  13:10  Zergling x30  
  200  13:19  Nydus Canal  
Tags
 
Add a new tag
Caveats
  • Supply blocks, unpowered buildings, or Contaminate may cause inaccurate times.
  • Supply counts are checked every 10 seconds.